 Dungeon Crawl Stone Soup version 0.27-a0-607-g1ad3dbde53 (webtiles) character file.

Game seed: 10753843245676259933

6159 Gaff the Grappler (level 10, -1/97 HPs)
             Began as a Troll Warper on Mar 13, 2021.
             Was a Priest of Cheibriados.
             Slain by a boulder beetle (28 damage)
             ... on level 9 of the Dungeon.
             The game lasted 00:27:42 (8475 turns).

Gaff the Grappler (Troll Warper)                    Turns: 8475, Time: 00:27:43

Health: -1/97      AC:  8    Str: 32    XL:     10   Next: 60%
Magic:  19/20      EV: 12    Int: 17    God:    Cheibriados [***...]
Gold:   542        SH:  0    Dex: 17    Spells: 19/24 levels left

rFire    . . .     SeeInvis .     - Unarmed
rCold    . . .     Faith    +   (no shield)
rNeg     . . .     Spirit   .   L - +1 robe {Will+}
rPois    .         Reflect  .   (helmet restricted)
rElec    .         Harm     .   z - +2 cloak
rCorr    .         Rampage  .   (gloves unavailable)
Will     +....                  (boots unavailable)
Stlth    ++........             p - amulet of faith
HPRegen  1.26/turn              i - ring of flight
MPRegen  0.17/turn              (no ring)

@: very slow
A: large, unfitting armour, claws 3, regeneration 1, shaggy fur 1, tough skin 1
a: Renounce Religion, Evoke Flight, Bend Time, Temporal Distortion


You were on level 9 of the Dungeon.
You worshipped Cheibriados.
Cheibriados was most pleased with you.
You visited 2 branches of the dungeon, and saw 11 of its levels.

You collected 685 gold pieces.
You spent 143 gold pieces at shops.

Inventory:

Hand Weapons
 e - a +1 dagger of venom
 s - a +0 antimagic hand axe
 y - the +12 mace "Jellybane" {vorpal, Int+3 Dex+4}
   (You found it on level 5 of the Dungeon)

   It inflicts extra damage upon your enemies.
   It affects your intelligence (+3).
   It affects your dexterity (+4).
 A - the +4 mace "Poqec" {vorpal, Int+3 Stlth+}
   (You found it on level 5 of the Dungeon)

   It inflicts extra damage upon your enemies.
   It affects your intelligence (+3).
   It makes you more stealthy.
 D - a +2 hand axe of electrocution
 J - a +3 flail
 K - a +7 short sword
 M - a +0 long sword of holy wrath
 N - a +2 falchion of flaming
Missiles
 d - 9 boomerangs of dispersal (quivered)
 t - 35 poisoned darts
 w - 7 boomerangs
 C - 5 silver boomerangs
Armour
 a - a +0 robe
 v - a scarf of invisibility
 z - a +2 cloak (worn)
 F - a +1 robe of fire resistance
 L - a +1 robe of willpower (worn)
 O - a +0 troll leather armour
 P - the +1 helmet of Hedge Wizardry {rPois rC+ rCorr}
   (You found it on level 10 of the Dungeon)

   It protects you from cold.
   It protects you from poison.
   It provides partial protection from all sources of acid and corrosion.
Jewellery
 i - a ring of flight (right claw)
 p - an amulet of faith (around neck)
Wands
 G - a wand of flame (14)
Scrolls
 c - 2 scrolls of blinking
 g - 7 scrolls of teleportation
 h - 2 scrolls of immolation
 j - 2 scrolls of noise
 k - a scroll of enchant armour {unknown}
 n - a scroll of fear
 r - 3 scrolls of fog
 u - a scroll of random uselessness
Potions
 b - 3 potions of ambrosia
 f - a potion of haste
 l - 7 potions of curing
 m - 3 potions of heal wounds
 o - 2 potions of invisibility {unknown}
 q - a potion of lignification
 x - 3 potions of degeneration
 B - a potion of flight {unknown}
 E - a potion of resistance {unknown}
 H - a potion of brilliance
 I - a potion of mutation


   Skills:
 + Level 5.6 Fighting
 - Level 0.8 Throwing
 + Level 5.7 Dodging
 - Level 0.5 Shields
 + Level 9.6 Unarmed Combat
 - Level 7.5 Spellcasting
 - Level 4.8 Translocations


You had 19 spell levels left.
You knew the following spells:

 Your Spells              Type           Power      Damage    Failure   Level
a - Blink                 Tloc           N/A        N/A       2%          2
b - Gell's Gravitas       Tloc           11%        N/A       4%          3

Your spell library contained the following spells:

 Spells                   Type           Power      Damage    Failure   Level
 Lesser Beckoning         Tloc           11%        N/A       4%          3
 Teleport Other           Tloc           23%        N/A       4%          3
 Corona                   Hex            6%         N/A       11%         1
 Shock                    Conj/Air       24%        1d4       11%         1
 Manifold Assault         Tloc           23%        N/A       14%         4
 Ensorcelled Hibernation  Hex/Ice        12%        N/A       17%         2
 Swiftness                Air            6%         N/A       17%         2
 Confusing Touch          Hex            6%         N/A       32%         3
 Dazzling Flash           Conj/Hex       12%        N/A       32%         3
 Static Discharge         Conj/Air       6%         N/A       32%         3
 Tukima's Dance           Hex            6%         N/A       32%         3
 Airstrike                Air            3%         N/A       73%         4
 Petrify                  Tmut/Erth      6%         N/A       73%         4
 Lightning Bolt           Conj/Air       3%         1d14      97%         5
 Metabolic Englaciation   Hex/Ice        3%         N/A       97%         5
 Yara's Violent Unravell  Hex/Tmut       3%         3d4       97%         5


Dungeon Overview and Level Annotations

Branches:
Dungeon (10/15)            Temple (1/1) D:7
   Lair: D:8-11         Orc: D:9-12

Altars:
Ashenzari
Cheibriados
Dithmenos
Elyvilon
Fedhas
Gozag
Hepliaklqana
Kikubaaqudgha
Makhleb
Nemelex Xobeh
Okawaru
Qazlal
Ru
Sif Muna
Trog
Uskayaw
Vehumet
Wu Jian
Xom
Yredelemnul
Zin
The Shining One

Shops:
D:5 (*((   D:7 !

Annotations:
D:4 2 runed translucent doors, GordonOverkill's ghost, novice MiBe


Innate Abilities, Weirdness & Mutations

You are too large for most types of armour.
You have claws for hands.
Your natural rate of healing is unusually fast.
You are covered in fur. (AC +1)
You have tough skin. (AC +1)


Message History

The boulder beetle curls into a ball and begins rolling!
The killer bee misses you. The killer bee stings you.
* * * LOW HITPOINT WARNING * * *
The boulder beetle stops rolling and uncurls.
The killer bee stings you.
* * * LOW HITPOINT WARNING * * *
You scratch the killer bee.
The killer bee is lightly wounded.
The killer bee barely misses you.
You mangle the killer bee!!
You kill the killer bee!
Cheibriados thoroughly appreciates the change of pace.
Cheibriados raises the support of your attributes as your movement slows.
Casting: Blink (safe; 2% risk of failure)
Confirm with . or Enter, or press ? or * to list all spells.
You blink.
The boulder beetle curls into a ball and begins rolling!
The boulder beetle barely misses you.
The boulder beetle stops rolling and uncurls.
The boulder beetle bites you!!
* * * LOW HITPOINT WARNING * * *
You claw the boulder beetle!
The boulder beetle is moderately wounded.
The boulder beetle closely misses you.
You claw the boulder beetle!
The boulder beetle is moderately wounded.
The boulder beetle bites you.
* * * LOW HITPOINT WARNING * * *
You scratch the boulder beetle but do no damage.
You claw the boulder beetle.
The boulder beetle is heavily wounded.
The boulder beetle bites you!!
* * * LOW HITPOINT WARNING * * *
Casting: Blink (safe; 2% risk of failure)
Confirm with . or Enter, or press ? or * to list all spells.
You blink.
The boulder beetle leaps!
The boulder beetle curls into a ball and begins rolling!
The boulder beetle hits you!!
You die...

#..# #..#
#..######.#
#.. #..#
#..# #..#
#.######..
#(.# #..#
#..#
#.........
.).# #..#
#.°#
#..######.
...# #..#
#.°# #.>#
#. ...#
#..# #.°#
#..# #.
...# #..#
#.○# #..#
## ...#
#..# #B.#
#..# ##
...# #..#
#@.# #..#
#⌠ ...#
#..# #..#
#..# ##
...# #..#
#..# #..# #
...# #..#
#..# #..#
## ...#
#..# #..#
#..# #8
...# #..#
#..# #..#
## ...#
#..# #..#
#..# #_
...# #..#
#..# #..#
## ...#
#..# #..#
#..# #


You could see a boulder beetle.

Vanquished Creatures
  A two-headed ogre (D:8)
  A troll (D:10)
  2 hornets
  Sigmund (D:5)
  Menkaure (D:4)
  Duvessa (D:7)
  4 orc warriors
  An ice beast (D:10)
  4 sky beasts
  5 ogres
  A necrophage (D:7)
  3 centaurs
  A phantom (D:8)
  2 kobold brigands
  Blork the orc (D:4)
  3 bullfrogs
  3 scorpions
  A wyvern skeleton (D:7)
  Dowan (D:7)
  A killer bee (D:9)
  15 wights
  3 jellies (D:6)
  A centaur skeleton (D:6)
  5 orc priests
  3 hounds
  Crazy Yiuf (D:5)
  A bullfrog skeleton (D:4)
  9 orc wizards
  Natasha (thrice) (D:4)
  8 worker ants
  A hound zombie (D:6)
  A hound skeleton (D:6)
  Robin (D:3)
  7 adders
  A shadow imp (D:8)
  4 white imps
  3 oozes
  2 worms
  4 dart slugs
  4 leopard geckos
  30 orcs
  3 giant cockroaches
  6 hobgoblins
  14 jackals
  11 kobolds
  6 quokkas
  11 bats
  4 frilled lizards
  21 goblins
  A quokka zombie (D:5)
  11 rats
233 creatures vanquished.

Notes
Turn   | Place    | Note
-------+----------+-------------------------------------------
     0 | D:1      | Gaff the Troll Warper began the quest for the Orb.
     0 | D:1      | Reached XP level 1. HP: 19/19 MP: 1/1
   142 | D:1      | Reached XP level 2. HP: 28/28 MP: 3/3
   285 | D:1      | Found a sparkling altar of Nemelex Xobeh.
   317 | D:1      | Reached skill level 3 in Unarmed Combat
   373 | D:1      | Reached XP level 3. HP: 35/35 MP: 4/4
  1861 | D:3      | Reached XP level 4. HP: 42/42 MP: 5/5
  1867 | D:3      | Reached XP level 5. HP: 49/49 MP: 5/14
  1871 | D:3      | Learned a level 2 spell: Blink
  1983 | D:3      | Reached skill level 4 in Unarmed Combat
  2408 | D:3      | Noticed Robin
  2422 | D:3      | Killed Robin
  2895 | D:4      | Noticed an ogre
  2971 | D:3      | Killed an ogre
  2972 | D:3      | Reached XP level 6. HP: 57/57 MP: 15/15
  2972 | D:3      | Reached XP level 7. HP: 71/71 MP: 17/17
  2977 | D:3      | Learned a level 3 spell: Gell's Gravitas
  3113 | D:4      | Reached skill level 5 in Unarmed Combat
  3114 | D:4      | Noticed Blork the orc
  3121 | D:4      | Killed Blork the orc
  3164 | D:4      | Found a runed translucent door.
  3169 | D:4      | Noticed GordonOverkill's ghost (novice MiBe)
  3187 | D:4      | Noticed Natasha
  3191 | D:4      | Killed Natasha
  3242 | D:4      | Noticed Menkaure
  3254 | D:4      | Killed Menkaure
  3255 | D:4      | Reached XP level 8. HP: 26/79 MP: 18/18
  3459 | D:4      | Found a runed translucent door.
  3497 | D:4      | Noticed Natasha
  3501 | D:4      | Killed Natasha
  3538 | D:4      | Found an opulent altar of Gozag.
  3605 | D:4      | Noticed Natasha
  3616 | D:4      | Killed Natasha
  3647 | D:5      | Entered Level 5 of the Dungeon
  3673 | D:5      | Found a runed translucent door.
  3674 | D:5      | Identified the +4 mace "Poqec" {vorpal, Int+3 Stlth+}
  3674 | D:5      | Noticed Crazy Yiuf
  3676 | D:5      | Identified the +12 mace "Jellybane" {vorpal, Int+3 Dex+4}
  3680 | D:5      | Killed Crazy Yiuf
  3727 | D:5      | Reached skill level 6 in Unarmed Combat
  3897 | D:5      | Found Cegu's Antique Weapon Boutique.
  3903 | D:5      | Found Kiozokhi's Antique Weapon Shop.
  3904 | D:5      | Noticed Sigmund
  3921 | D:5      | Killed Sigmund
  4010 | D:5      | Found Benkis's Antique Weapon Shoppe.
  4039 | D:5      | Found Girres's General Store.
  4055 | D:5      | Bought a scroll of teleportation for 33 gold pieces
  4428 | D:6      | You fall into a shaft and drop 2 floors!
  4457 | D:8      | Reached skill level 7 in Unarmed Combat
  4660 | D:6      | Reached XP level 9. HP: 81/87 MP: 19/19
  4986 | D:6      | Reached skill level 8 in Unarmed Combat
  5350 | D:7      | Noticed Duvessa
  5350 | D:7      | Noticed Dowan
  5355 | D:7      | Killed Dowan
  5360 | D:7      | Killed Duvessa
  5392 | D:7      | Found Senn's Distillery.
  5408 | D:7      | Bought 2 potions of degeneration for 22 gold pieces
  5408 | D:7      | Bought a potion of mutation for 88 gold pieces
  5787 | D:7      | Found a staircase to the Ecumenical Temple.
  5862 | Temple   | Entered the Ecumenical Temple
  6088 | Temple   | Became a worshipper of Cheibriados the Contemplative
  6329 | D:8      | Noticed a moth of wrath
  6339 | D:8      | Noticed a two-headed ogre
  6345 | D:8      | Killed a two-headed ogre
  6346 | D:8      | Reached skill level 9 in Unarmed Combat
  6438 | D:8      | Reached skill level 5 in Dodging
  6441 | D:8      | Reached XP level 10. HP: 86/94 MP: 20/20
  6446 | D:8      | Reached skill level 5 in Fighting
  6606 | D:8      | Reached * piety under Cheibriados
  6947 | D:8      | Paralysed by a hornet for 2 turns
  7034 | D:8      | Reached ** piety under Cheibriados
  7198 | D:8      | Found a bloodstained altar of Trog.
  7367 | D:9      | Paralysed by a hornet for 1 turns
  7675 | D:9      | Found a stormy altar of Qazlal.
  7678 | D:9      | Found a shadowy altar of Dithmenos.
  7770 | D:9      | Found an iron altar of Okawaru.
  7913 | D:9      | Reached *** piety under Cheibriados
  8339 | D:10     | Entered Level 10 of the Dungeon
  8432 | D:10     | Identified the +1 helmet of Hedge Wizardry {rPois rC+
                  | rCorr}
  8447 | D:10     | Noticed a boulder beetle
  8449 | D:10     | Noticed a rust devil
  8475 | D:9      | Slain by a boulder beetle

Illustrated notes

Levels and vault maps discovered:
D:1:      tarquinn_simple_flora_water_f, layout_basic, st_stairs_9,
          minmay_crystal_water, nemelex_xobeh_ov_fountains_minmay
D:2:      layout_loops_corners, minmay_heptomino_d4
D:3:      layout_loops_ring, uniq_robin
D:4:      layout_gridville, grunt_gozag_breadcrumbs, ebering_ghost_sewer_f,
          uniq_natasha, uniq_blork_the_orc, uniq_menkaure
D:5:      layout_loops_cross, serial_shops, shop, shop_coins, shop,
          nicolae_shop_temple_entry_statues_fountains, uniq_sigmund,
          uniq_crazy_yiuf_cottage
D:6:      layout_basic
D:7:      layout_loops_ring, temple_statues, serial_shops, nicolae_shop_trees,
          uniq_duvessa
D:8:      layout_loops_corners, tgw_trog
D:9:      layout_long_grid, okawaru_ov_weapons_minmay, minitemple, st_stairs_5
D:10:     minmay_the_grid_octo_2x2 [minmay_the_grid_octo_teeth,
          minmay_the_grid_octo_checkerflower, minmay_the_grid_octo_empty,
          minmay_the_grid_octo_prize_ultimate_mussel_roller], layout_rooms,
          dpeg_oklobed_lair
Temple:   eino_narrow_crystal_temple

Skill      XL: |  1  2  3  4  5  6  7  8  9 10 |
---------------+-------------------------------+-----
Unarmed Combat | 3 4 5 7 9 |  9.6
Spellcasting   | 7 |  7.5
Fighting       | 4 5 |  5.6
Dodging        | 4 5 |  5.7
Translocations | 4 |  4.8
Throwing       | |  0.8
Shields        | |  0.5

Action                   |  1- 3 |  4- 6 |  7- 9 | 10-12 || total
-------------------------+-------+-------+-------+-------++-------
Melee: Unarmed           |   119 |   119 |   309 |   178 ||   725
       Punch             |     2 |     2 |    10 |    14 ||    28
 Cast: Blink             |       |       |       |     5 ||     5
  Use: Scroll            |       |     9 |       |     4 ||    13
       Potion            |       |     2 |       |     1 ||     3
 Stab: Sleeping          |     1 |       |       |     1 ||     2
Armor: Robe              |    66 |    42 |    80 |    39 ||   227
Dodge: Dodged            |    57 |    47 |   118 |    97 ||   319

Table legend: (Time is in decaauts)
 A = Elapsed time spent in this place.
 B = Non-inter-level travel time spent in this place.
 C = Inter-level travel time spent in this place.
 D = Time resting spent in this place.
 E = Time spent auto-exploring this place.
 F = Levels seen in this place.
 G = Mean time per level.
                   A        B        C        D        E       F      G
               +--------+--------+--------+--------+--------+-----+--------+
         Total |   9334 |   8819 |    515 |    446 |   6082 |  11 |  848.5 |
       Dungeon |   9089 |   8609 |    480 |    446 |   5884 |  10 |  908.9 |
        Temple |    245 |    210 |     35 |      0 |    198 |   1 |  245.0 |
               +--------+--------+--------+--------+--------+-----+--------+

Top non-repeatable levels by time:
     D:8: 1673 daAuts
     D:9: 1360 daAuts
     D:3: 1080 daAuts
     D:1: 939 daAuts
     D:2: 915 daAuts
     D:7: 856 daAuts
     D:5: 767 daAuts
     D:4: 700 daAuts
     D:6: 644 daAuts
  Temple: 245 daAuts
    D:10: 151 daAuts
